General information
- name: BNet
- type: Ladder team game (AT/RT)
- host: Battle.net
- saver: bLiNkoFaNeYe
map: Deathknell
- players: 8
- length: 37:50
- speed: Fast
- version: 1.28 W3XP
- replay type: Public
» download(405 KB)
Players
team 1 (loser)
Robhino (
purple | 41 APM | 1071 actions | 26:00)
3 Mountain King
2 Storm Bolt
1 Bash
2 Paladin
1 Holy Light
1 Devotion Aura
» actions
| Assign group hotkey | 25 | |
| Basic commands | 2 | |
| Build / train | 60 | |
| Enter build submenu | 20 | |
| Enter hero's abilities submenu | 5 | |
| Right click | 616 | |
| Select / deselect | 227 | |
| Select group hotkey | 63 | |
| Use ability | 53 | |
1071 total
» units
| Peasant | 17 | |
| Footman | 4 | |
| Mortar Team | 15 | |
| Gryphon Rider | 4 | |
40 total
» upgrades
| Gunpowder | 2 | |
| Swords | 1 | |
| Armor | 1 | |
| Animal War Training | 1 | |
| Fragmentation Shards | 1 | |
| Flare | 1 | |
7 total
» buildings
| Altar of Kings | 1 | |
| Farm | 8 | |
| Barracks | 1 | |
| Lumber Mill | 1 | |
| Blacksmith | 1 | |
| Arcane Vault | 1 | |
| Keep | 1 | |
| Scout Tower | 2 | |
| Guard Tower | 2 | |
| Workshop | 2 | |
| Castle | 1 | |
21 total
» build order
05:30 Altar of Kings
05:46 Farm
05:49 Barracks
06:00 Farm
06:15 Lumber Mill
06:33 Farm
06:45 Farm
07:12 Farm
07:27 Blacksmith
07:47 Arcane Vault
08:12 Farm
08:27 Keep
08:50 Farm
09:03 Farm
09:55 Scout Tower
09:57 Scout Tower
10:27 Guard Tower
10:29 Guard Tower
10:54 Workshop
10:58 Workshop
18:47 Castle
» items
| Lesser Clarity Potion | 1 | |
| Potion of Mana | 1 | |
2 total
aler (
pink | 39 APM | 475 actions | 12:03)
3 Mountain King
2 Storm Bolt
1 Bash
» actions
| Assign group hotkey | 9 | |
| Basic commands | 2 | |
| Build / train | 39 | |
| Enter build submenu | 17 | |
| Enter hero's abilities submenu | 3 | |
| Give item / drop item | 1 | |
| Right click | 182 | |
| Select / deselect | 121 | |
| Select group hotkey | 64 | |
| Use ability | 37 | |
475 total
» units
| Peasant | 8 | |
| Footman | 10 | |
| Goblin Shredder | 1 | |
| Knight | 1 | |
20 total
» upgrades
» buildings
| Farm | 6 | |
| Barracks | 2 | |
| Altar of Kings | 1 | |
| Scout Tower | 1 | |
| Arcane Tower | 1 | |
| Keep | 1 | |
| Town Hall | 1 | |
| Arcane Vault | 1 | |
| Castle | 1 | |
| Lumber Mill | 1 | |
| Blacksmith | 1 | |
17 total
» build order
00:09 Farm
00:16 Barracks
00:46 Altar of Kings
01:29 Farm
02:44 Farm
02:51 Scout Tower
03:19 Arcane Tower
03:29 Farm
05:02 Keep
05:05 Farm
06:34 Town Hall
06:38 Arcane Vault
06:46 Farm
08:07 Castle
08:11 Lumber Mill
08:22 Barracks
08:24 Blacksmith
» items
| Scroll of Regeneration | 3 | |
| Lesser Clarity Potion | 3 | |
| Potion of Healing | 3 | |
| Scroll of Town Portal | 1 | |
10 total
lathanger (
red | 209 APM | 7852 actions | 37:30)
5 Blademaster
3 Wind Walk
2 Critical Strike
4 Shadow Hunter
2 Hex
2 Healing Wave
2 Tauren Chieftain
1 Endurance Aura
1 War Stomp
» actions
| Assign group hotkey | 749 | |
| Basic commands | 24 | |
| Build / train | 98 | |
| Enter build submenu | 28 | |
| Enter hero's abilities submenu | 12 | |
| Give item / drop item | 6 | |
| Remove unit from queue | 2 | |
| Right click | 3963 | |
| Select / deselect | 818 | |
| Select group hotkey | 1992 | |
| Use ability | 160 | |
7852 total
» units
| Peon | 13 | |
| Grunt | 6 | |
| Ice Troll Berserker | 1 | |
| Ice Troll Trapper | 2 | |
| Raider | 2 | |
| Troll Witch Doctor | 1 | |
| Troll Batrider | 11 | |
| Peasant | 6 | |
| Gryphon Rider | 6 | |
| Wind Rider | 3 | |
51 total
» upgrades
| Ensnare | 1 | |
| Witch Doctor Training | 1 | |
| Lumber Harvesting | 1 | |
| Reinforced Defenses | 1 | |
| Storm Hammers | 1 | |
| Liquid Fire | 1 | |
| Envenomed Spears | 1 | |
| Ranged Weapons | 1 | |
| Armor | 1 | |
9 total
» buildings
| Altar of Storms | 1 | |
| Orc Burrow | 6 | |
| Voodoo Lounge | 1 | |
| Barracks | 3 | |
| Stronghold | 2 | |
| Spirit Lodge | 1 | |
| Beastiary | 2 | |
| Fortress | 1 | |
| War Mill | 1 | |
| Great Hall | 1 | |
| Gryphon Aviary | 4 | |
| Farm | 6 | |
29 total
» build order
00:06 Altar of Storms
00:20 Orc Burrow
00:50 Voodoo Lounge
01:30 Barracks
01:44 Orc Burrow
04:13 Stronghold
04:14 Stronghold
04:16 Orc Burrow
06:13 Orc Burrow
06:59 Spirit Lodge
07:02 Beastiary
08:59 Fortress
09:51 War Mill
10:35 Great Hall
11:40 Beastiary
12:22 Orc Burrow
12:46 Gryphon Aviary
12:47 Gryphon Aviary
12:51 Gryphon Aviary
13:22 Gryphon Aviary
16:28 Barracks
16:29 Farm
16:31 Barracks
16:32 Farm
16:32 Farm
16:33 Farm
17:46 Farm
17:46 Farm
19:14 Orc Burrow
» items
| Healing Salve | 6 | |
| Lesser Clarity Potion | 4 | |
| Scroll of Speed | 3 | |
| Orb of Lightning | 2 | |
| Scroll of Town Portal | 1 | |
| Tiny Great Hall | 1 | |
17 total
bLiNkoFaNeYe (
yellow | 108 APM | 4079 actions | 37:50)
6 Archmage
3 Summon Water Elemental
2 Brilliance Aura
1 Mass Teleport
4 Goblin Tinker
2 Pocket Factory
2 Cluster Rockets
4 Dark Ranger
2 Black Arrow
2 Silence
1 Mountain King
1 Bash
» actions
| Assign group hotkey | 102 | |
| Basic commands | 365 | |
| Build / train | 157 | |
| ESC pressed | 10 | |
| Enter build submenu | 59 | |
| Enter hero's abilities submenu | 15 | |
| Give item / drop item | 6 | |
| Right click | 1211 | |
| Select / deselect | 744 | |
| Select group hotkey | 1117 | |
| Use ability | 293 | |
4079 total
» units
| Peasant | 19 | |
| Footman | 4 | |
| Rifleman | 11 | |
| Goblin Shredder | 2 | |
| Dragonhawk Rider | 7 | |
| Gryphon Rider | 5 | |
48 total
» upgrades
| Gunpowder | 2 | |
| Long Rifles | 1 | |
| Masonry | 3 | |
| Armor | 3 | |
| Animal War Training | 1 | |
| Swords | 3 | |
| Cloud | 1 | |
| Storm Hammers | 1 | |
15 total
» buildings
| Altar of Kings | 3 | |
| Barracks | 1 | |
| Farm | 11 | |
| Arcane Vault | 1 | |
| Blacksmith | 1 | |
| Keep | 3 | |
| Town Hall | 2 | |
| Castle | 2 | |
| Lumber Mill | 1 | |
| Scout Tower | 32 | |
| Guard Tower | 27 | |
| Gryphon Aviary | 3 | |
87 total
» build order
01:03 Altar of Kings
01:06 Barracks
01:08 Farm
01:11 Farm
01:17 Farm
02:03 Arcane Vault
02:18 Blacksmith
02:42 Farm
03:18 Farm
04:01 Keep
04:01 Keep
04:01 Keep
04:35 Town Hall
07:51 Castle
07:51 Castle
07:58 Lumber Mill
09:11 Scout Tower
09:12 Scout Tower
09:20 Scout Tower
09:20 Scout Tower
09:21 Scout Tower
09:22 Scout Tower
10:14 Guard Tower
10:14 Guard Tower
10:22 Guard Tower
10:22 Guard Tower
13:20 Gryphon Aviary
13:23 Gryphon Aviary
13:29 Gryphon Aviary
13:32 Scout Tower
13:34 Scout Tower
13:36 Scout Tower
13:39 Scout Tower
14:00 Guard Tower
14:00 Guard Tower
14:12 Guard Tower
14:13 Guard Tower
14:18 Scout Tower
14:19 Scout Tower
14:21 Scout Tower
14:22 Scout Tower
15:16 Guard Tower
15:16 Guard Tower
15:22 Farm
15:22 Farm
15:23 Farm
15:25 Farm
15:25 Farm
17:33 Scout Tower
17:33 Scout Tower
17:34 Scout Tower
17:34 Scout Tower
18:22 Guard Tower
18:54 Farm
20:27 Scout Tower
20:28 Scout Tower
21:08 Guard Tower
21:08 Guard Tower
24:19 Town Hall
24:21 Scout Tower
24:22 Scout Tower
24:22 Scout Tower
24:23 Scout Tower
24:55 Guard Tower
24:55 Guard Tower
25:06 Guard Tower
25:06 Guard Tower
26:00 Scout Tower
26:01 Scout Tower
26:03 Scout Tower
26:30 Guard Tower
26:30 Guard Tower
26:32 Scout Tower
26:32 Scout Tower
26:33 Scout Tower
27:01 Guard Tower
27:01 Guard Tower
27:01 Guard Tower
28:01 Guard Tower
28:01 Guard Tower
29:10 Altar of Kings
29:40 Altar of Kings
30:27 Scout Tower
30:28 Scout Tower
30:58 Guard Tower
30:58 Guard Tower
30:58 Guard Tower
» items
| Scroll of Regeneration | 11 | |
| Mechanical Critter | 5 | |
| Potion of Healing | 4 | |
| Staff of Sanctuary | 1 | |
| Scroll of Town Portal | 4 | |
| Orb of Fire | 1 | |
26 total
team 2 (winner)

»
alaskaland (
teal | 56 APM | 1665 actions | 29:39)
7 Shadow Hunter
3 Hex
3 Healing Wave
1 Big Bad Voodoo
» actions
| Assign group hotkey | 25 | |
| Basic commands | 83 | |
| Build / train | 70 | |
| ESC pressed | 1 | |
| Enter build submenu | 37 | |
| Enter hero's abilities submenu | 7 | |
| Give item / drop item | 2 | |
| Right click | 514 | |
| Select / deselect | 296 | |
| Select group hotkey | 516 | |
| Use ability | 114 | |
1665 total
» units
| Peon | 11 | |
| Grunt | 4 | |
| Goblin Shredder | 1 | |
| Shaman | 4 | |
| Gnoll Overseer | 1 | |
| Tauren | 5 | |
| Troll Batrider | 5 | |
31 total
» upgrades
| Melee Weapons | 2 | |
| Armor | 1 | |
| Shaman Training | 2 | |
| Pulverize | 1 | |
| Liquid Fire | 1 | |
7 total
» buildings
| Altar of Storms | 1 | |
| Orc Burrow | 11 | |
| Barracks | 1 | |
| Voodoo Lounge | 3 | |
| War Mill | 1 | |
| Stronghold | 1 | |
| Watch Tower | 11 | |
| Spirit Lodge | 1 | |
| Great Hall | 1 | |
| Fortress | 1 | |
| Tauren Totem | 3 | |
| Beastiary | 2 | |
37 total
» build order
00:08 Altar of Storms
00:11 Orc Burrow
01:04 Barracks
01:24 Voodoo Lounge
01:45 War Mill
03:21 Stronghold
03:47 Orc Burrow
04:19 Orc Burrow
04:24 Orc Burrow
04:27 Watch Tower
04:29 Watch Tower
05:43 Orc Burrow
05:50 Spirit Lodge
07:02 Watch Tower
07:04 Watch Tower
07:41 Great Hall
07:44 Watch Tower
07:45 Watch Tower
08:36 Watch Tower
08:37 Watch Tower
08:50 Watch Tower
08:52 Voodoo Lounge
08:54 Voodoo Lounge
09:58 Orc Burrow
10:01 Orc Burrow
10:04 Fortress
10:25 Watch Tower
10:30 Watch Tower
12:34 Tauren Totem
12:39 Tauren Totem
12:43 Tauren Totem
17:45 Orc Burrow
17:47 Orc Burrow
18:23 Orc Burrow
18:48 Beastiary
18:49 Beastiary
19:53 Orc Burrow
» items
| Healing Salve | 4 | |
| Lesser Clarity Potion | 10 | |
| Scroll of Town Portal | 4 | |
| Potion of Healing | 2 | |
| Tiny Great Hall | 1 | |
| Potion of Mana | 1 | |
22 total

»
ZipHub (
orange | 43 APM | 1378 actions | 32:18)
8 Death Knight
3 Death Coil
3 Unholy Aura
1 Animate Dead
1 Death Pact
» actions
| Basic commands | 2 | |
| Build / train | 63 | |
| Enter build submenu | 19 | |
| Enter hero's abilities submenu | 8 | |
| Right click | 939 | |
| Select / deselect | 296 | |
| Use ability | 51 | |
1378 total
» units
| Acolyte | 9 | |
| Ghoul | 6 | |
| Frost Wyrm | 10 | |
| Goblin Shredder | 1 | |
| Goblin Zeppelin | 2 | |
| Gargoyle | 6 | |
34 total
» upgrades
| Creature Attack | 3 | |
| Creature Carapace | 2 | |
| Freezing Breath | 1 | |
6 total
» buildings
| Necropolis | 3 | |
| Halls of the Dead | 1 | |
| Crypt | 1 | |
| Altar of Darkness | 1 | |
| Graveyard | 1 | |
| Tomb of Relics | 2 | |
| Ziggurat | 4 | |
| Black Citadel | 1 | |
| Nerubian Tower | 2 | |
| Spirit Tower | 2 | |
| Sacrificial Pit | 1 | |
| Boneyard | 3 | |
22 total
» build order
00:27 Necropolis
00:50 Halls of the Dead
01:39 Crypt
02:28 Altar of Darkness
02:58 Graveyard
03:16 Tomb of Relics
03:32 Ziggurat
03:42 Ziggurat
04:41 Black Citadel
04:43 Nerubian Tower
04:46 Spirit Tower
06:07 Tomb of Relics
07:11 Sacrificial Pit
08:19 Necropolis
08:31 Boneyard
08:36 Boneyard
08:39 Ziggurat
08:42 Boneyard
14:19 Ziggurat
16:12 Nerubian Tower
16:15 Necropolis
19:30 Spirit Tower
» items
| Rod of Necromancy | 1 | |
| Dust of Appearance | 1 | |
| Orb of Corruption | 1 | |
| Scroll of Healing | 1 | |
| Scroll of Town Portal | 1 | |
| Potion of Mana | 2 | |
| Potion of Healing | 1 | |
8 total
ATLANTA-GEORGIA (
blue | 88 APM | 2528 actions | 28:39)
4 Archmage
2 Summon Water Elemental
2 Brilliance Aura
4 Mountain King
2 Storm Bolt
2 Bash
2 Paladin
1 Holy Light
1 Divine Shield
» actions
| Assign group hotkey | 45 | |
| Basic commands | 205 | |
| Build / train | 185 | |
| ESC pressed | 6 | |
| Enter build submenu | 63 | |
| Enter hero's abilities submenu | 10 | |
| Give item / drop item | 4 | |
| Right click | 573 | |
| Select / deselect | 663 | |
| Select group hotkey | 606 | |
| Use ability | 168 | |
2528 total
» units
| Peasant | 33 | |
| Footman | 11 | |
| Spell Breaker | 4 | |
| Gryphon Rider | 4 | |
| Dragonhawk Rider | 1 | |
| Rifleman | 4 | |
| Sorceress | 1 | |
| Siege Engine | 4 | |
62 total
» upgrades
| Masonry | 3 | |
| Defend | 1 | |
| Swords | 2 | |
| Lumber Harvesting | 2 | |
| Magic Sentry | 1 | |
| Armor | 2 | |
| Storm Hammers | 1 | |
| Animal War Training | 1 | |
| Cloud | 1 | |
| Long Rifles | 1 | |
| Barrage | 1 | |
16 total
» buildings
| Altar of Kings | 1 | |
| Barracks | 1 | |
| Farm | 8 | |
| Scout Tower | 31 | |
| Arcane Tower | 8 | |
| Lumber Mill | 1 | |
| Town Hall | 2 | |
| Guard Tower | 43 | |
| Keep | 1 | |
| Blacksmith | 1 | |
| Arcane Vault | 2 | |
| Arcane Sanctum | 1 | |
| Castle | 1 | |
| Gryphon Aviary | 2 | |
| Workshop | 2 | |
105 total
» build order
00:08 Altar of Kings
00:15 Barracks
00:19 Farm
00:44 Scout Tower
01:27 Farm
01:43 Arcane Tower
02:00 Farm
02:08 Lumber Mill
03:23 Scout Tower
03:24 Scout Tower
04:00 Scout Tower
04:09 Town Hall
04:18 Scout Tower
04:20 Scout Tower
04:27 Arcane Tower
04:27 Arcane Tower
04:27 Arcane Tower
04:53 Arcane Tower
04:57 Scout Tower
05:17 Scout Tower
05:20 Scout Tower
05:37 Arcane Tower
05:37 Arcane Tower
05:44 Guard Tower
05:44 Guard Tower
05:47 Scout Tower
05:49 Guard Tower
06:25 Scout Tower
06:29 Scout Tower
06:48 Guard Tower
06:48 Guard Tower
07:07 Scout Tower
07:19 Keep
07:22 Blacksmith
07:24 Scout Tower
07:27 Scout Tower
07:32 Farm
07:35 Scout Tower
07:42 Guard Tower
07:42 Guard Tower
07:42 Guard Tower
07:52 Guard Tower
07:52 Guard Tower
07:52 Guard Tower
08:10 Guard Tower
08:10 Guard Tower
08:16 Arcane Vault
08:25 Guard Tower
08:25 Guard Tower
08:37 Farm
08:43 Guard Tower
08:43 Guard Tower
08:47 Farm
08:55 Scout Tower
09:39 Scout Tower
09:42 Arcane Sanctum
09:48 Guard Tower
09:48 Guard Tower
09:54 Scout Tower
09:56 Scout Tower
10:20 Guard Tower
10:20 Guard Tower
10:38 Castle
10:46 Guard Tower
10:46 Guard Tower
10:49 Arcane Vault
11:05 Guard Tower
11:05 Guard Tower
11:06 Guard Tower
11:25 Gryphon Aviary
12:09 Gryphon Aviary
12:38 Farm
13:49 Guard Tower
13:50 Guard Tower
13:51 Guard Tower
13:51 Guard Tower
13:53 Scout Tower
13:55 Scout Tower
14:46 Guard Tower
14:46 Guard Tower
14:46 Guard Tower
15:23 Scout Tower
15:26 Scout Tower
15:37 Scout Tower
15:53 Guard Tower
15:54 Guard Tower
15:54 Guard Tower
16:09 Guard Tower
16:09 Guard Tower
16:10 Guard Tower
18:31 Workshop
18:39 Workshop
18:43 Farm
25:30 Town Hall
25:38 Scout Tower
25:39 Scout Tower
25:39 Scout Tower
25:41 Scout Tower
25:42 Scout Tower
26:22 Guard Tower
26:22 Guard Tower
26:46 Guard Tower
26:47 Scout Tower
26:58 Arcane Tower
27:23 Guard Tower
» items
| Healing Salve | 1 | |
| Scroll of Town Portal | 3 | |
| Potion of Healing | 4 | |
| Scroll of Regeneration | 6 | |
| Orb of Fire | 2 | |
| Ivory Tower | 8 | |
| Lesser Clarity Potion | 2 | |
26 total
Franks_Red_Hot (
green | 54 APM | 2057 actions | 37:50)
8 Archmage
3 Summon Water Elemental
3 Brilliance Aura
1 Mass Teleport
1 Blizzard
» actions
| Assign group hotkey | 36 | |
| Basic commands | 133 | |
| Build / train | 88 | |
| Enter build submenu | 67 | |
| Enter hero's abilities submenu | 9 | |
| Give item / drop item | 1 | |
| Right click | 811 | |
| Select / deselect | 445 | |
| Select group hotkey | 237 | |
| Use ability | 230 | |
2057 total
» units
| Peasant | 13 | |
| Footman | 5 | |
| Goblin Shredder | 1 | |
| Gryphon Rider | 5 | |
| Goblin Zeppelin | 2 | |
| Goblin Sapper | 9 | |
35 total
» upgrades
| Masonry | 3 | |
| Swords | 3 | |
| Armor | 3 | |
| Animal War Training | 1 | |
| Storm Hammers | 1 | |
| Cloud | 1 | |
12 total
» buildings
| Altar of Kings | 1 | |
| Barracks | 1 | |
| Farm | 16 | |
| Lumber Mill | 1 | |
| Scout Tower | 55 | |
| Arcane Tower | 1 | |
| Keep | 1 | |
| Arcane Vault | 3 | |
| Town Hall | 3 | |
| Guard Tower | 11 | |
| Castle | 1 | |
| Gryphon Aviary | 6 | |
| Blacksmith | 2 | |
102 total
» build order
00:37 Altar of Kings
00:38 Barracks
00:48 Farm
00:50 Farm
01:03 Farm
01:04 Farm
01:21 Lumber Mill
01:52 Farm
02:12 Scout Tower
03:31 Arcane Tower
03:46 Keep
04:27 Arcane Vault
04:36 Town Hall
04:39 Scout Tower
04:39 Scout Tower
04:39 Scout Tower
04:40 Scout Tower
05:32 Guard Tower
06:55 Castle
07:59 Gryphon Aviary
08:00 Gryphon Aviary
08:01 Gryphon Aviary
08:02 Gryphon Aviary
08:17 Blacksmith
08:21 Blacksmith
08:23 Farm
12:11 Scout Tower
12:11 Scout Tower
12:11 Scout Tower
12:13 Scout Tower
12:16 Scout Tower
12:20 Scout Tower
12:22 Scout Tower
12:24 Scout Tower
12:27 Scout Tower
13:17 Guard Tower
13:38 Scout Tower
13:39 Scout Tower
13:40 Scout Tower
13:40 Scout Tower
13:41 Scout Tower
13:44 Scout Tower
13:44 Scout Tower
14:18 Guard Tower
15:08 Guard Tower
15:50 Scout Tower
15:50 Scout Tower
15:50 Scout Tower
15:51 Scout Tower
15:51 Scout Tower
15:52 Scout Tower
15:52 Scout Tower
15:52 Scout Tower
18:09 Guard Tower
21:55 Town Hall
22:01 Scout Tower
22:01 Scout Tower
22:02 Scout Tower
22:02 Scout Tower
22:03 Scout Tower
22:03 Scout Tower
22:04 Scout Tower
22:04 Scout Tower
22:06 Arcane Vault
22:09 Scout Tower
22:09 Scout Tower
22:49 Guard Tower
23:25 Guard Tower
23:33 Town Hall
23:44 Scout Tower
23:44 Scout Tower
23:44 Scout Tower
23:45 Scout Tower
23:46 Scout Tower
23:46 Scout Tower
23:46 Scout Tower
23:47 Scout Tower
23:48 Scout Tower
23:49 Scout Tower
23:49 Scout Tower
23:50 Scout Tower
24:20 Scout Tower
24:20 Scout Tower
24:20 Scout Tower
24:21 Scout Tower
24:24 Arcane Vault
24:34 Guard Tower
24:37 Guard Tower
24:53 Farm
24:53 Farm
24:55 Farm
24:55 Farm
25:00 Farm
25:01 Farm
25:02 Farm
25:02 Farm
25:03 Farm
25:15 Guard Tower
26:24 Gryphon Aviary
26:27 Farm
26:30 Gryphon Aviary
26:56 Guard Tower
» items
| Scroll of Regeneration | 6 | |
| Mechanical Critter | 4 | |
| Scroll of Town Portal | 2 | |
| Potion of Healing | 3 | |
| Staff of Sanctuary | 1 | |
| Potion of Mana | 1 | |
| Lesser Clarity Potion | 1 | |
18 total
Chat log
(00:30 / Allies) aler: foot to knights here
(05:16 / Allies) Robhino: jeez
(05:22 / Allies) bLiNkoFaNeYe: sup
(05:32 / Allies) Robhino: srry fuys
(05:35 / Allies) bLiNkoFaNeYe: np
(05:36 / Allies) bLiNkoFaNeYe: just play now
(05:38 / Allies) bLiNkoFaNeYe: even if behind
(05:42 / Allies) Robhino: yah imma try to catch up
(05:53 / Allies) Robhino: thx man
(05:55 / Allies) bLiNkoFaNeYe: np
(06:08 / Allies) lathanger: will you get the FUK over here and help me
(06:16 / Allies) bLiNkoFaNeYe: this is a creep map
(06:17 / Allies) bLiNkoFaNeYe: not rush map
(06:22 / Allies) lathanger: DUDE
(06:26 / Allies) bLiNkoFaNeYe: DUDE
(06:27 / Allies) bLiNkoFaNeYe: get your own
(06:28 / Allies) bLiNkoFaNeYe: rather than hit
(07:31 / Allies) Robhino: goin motar
(09:51 / All) bLiNkoFaNeYe: why does it say cunning hero at tavern if tinker is an intelligence hero
(10:04 / All) bLiNkoFaNeYe: cunning is agi heroes
(10:12 / All) bLiNkoFaNeYe: got it for these agi boots but it's wrong stat type, not what it says
(10:24 / Allies) Robhino: gols?
(10:46 / Allies) Robhino: b
(11:10 / Allies) Robhino: ring bell
(11:56 / Allies) Robhino: ring bell
(12:14 / Allies) bLiNkoFaNeYe: defending my expo too
(13:26 / All) bLiNkoFaNeYe: D
(13:26 / All) bLiNkoFaNeYe: D
(13:29 / All) alaskaland: damn aol
(14:47 / Allies) lathanger: lmfao
(15:30 / Allies) bLiNkoFaNeYe: bot choke being towered wtf you guys doing
(15:43 / Allies) lathanger: its a CREEP MAP BRO
(15:45 / Allies) lathanger: LMFAO
(15:48 / Allies) bLiNkoFaNeYe: retard
(16:52 / Allies) bLiNkoFaNeYe: help
(16:57 / Allies) lathanger: better luck next game
(16:59 / Allies) lathanger: lmfaoo
(17:43 / Allies) bLiNkoFaNeYe: selfish allies
(17:55 / Allies) lathanger: thats ironic
(17:58 / Allies) bLiNkoFaNeYe: stop using pink
(20:54 / Allies) bLiNkoFaNeYe: b
(23:58 / Allies) bLiNkoFaNeYe: I'm taking that
(24:03 / Allies) bLiNkoFaNeYe: you suck and don't help allies
(25:09 / Allies) bLiNkoFaNeYe: don't help him
(25:11 / Allies) bLiNkoFaNeYe: he doesn't help allies
(25:32 / Allies) Robhino: ?
(25:37 / Allies) bLiNkoFaNeYe: red tking
(25:40 / Allies) bLiNkoFaNeYe: and not helping allies all game
(25:49 / Allies) bLiNkoFaNeYe: trash ally
(25:51 / Allies) bLiNkoFaNeYe: one of the worst I ever seen
(29:49 / All) bLiNkoFaNeYe: Red one of the biggest faggot selfish allies ever
(29:51 / All) bLiNkoFaNeYe: complete dumbass
(30:10 / All) bLiNkoFaNeYe: some of the worst allies I've ever seen in a row this night
(30:13 / All) bLiNkoFaNeYe: kbilly that one game
(30:17 / All) bLiNkoFaNeYe: Purp tking over nothing last game
(30:19 / All) bLiNkoFaNeYe: and now this homo
(30:28 / All) Franks_Red_Hot: lawl
(30:34 / All) Franks_Red_Hot: at least teal and blue made it easy o nme
(30:48 / All) bLiNkoFaNeYe: Red is mad because I didn't attack with him and was creeping my heroes earlier on
(30:51 / All) bLiNkoFaNeYe: So he refuses to help me all game
(30:53 / All) bLiNkoFaNeYe: great logic
(31:04 / All) Franks_Red_Hot: blue killed my dead expo LOL
(31:14 / All) Franks_Red_Hot: didn't notice
(32:23 / All) Franks_Red_Hot: well
(32:29 / All) bLiNkoFaNeYe: Time to give this faggot the loss
(32:34 / All) bLiNkoFaNeYe: no one this game who deserves it so much
(32:43 / All) bLiNkoFaNeYe: kill pink top right base
(32:44 / All) bLiNkoFaNeYe: and purps
(32:49 / All) bLiNkoFaNeYe: I'll kill my buildings, ignore his heroes
(33:09 / Allies) lathanger: you think i expected to win
(33:14 / All) Franks_Red_Hot: You want to give his hero a final dirtnap?
(33:15 / Allies) bLiNkoFaNeYe: Just leave faggot
(33:18 / Allies) lathanger: im shocked they even left
(33:24 / Allies) bLiNkoFaNeYe: I wouldn't expect to win either if I was a player o nyour level
(33:35 / Allies) lathanger: talking about tk
(33:39 / All) Franks_Red_Hot: How far are you to level 6
(33:39 / Allies) lathanger: destroys my expo
(33:41 / Allies) lathanger: k dude
(33:42 / Allies) lathanger: ok
(33:44 / Allies) bLiNkoFaNeYe: You weren't helping your allies
(33:54 / All) bLiNkoFaNeYe: Red calls me tk for taking his expo
(33:55 / Allies) lathanger: then you tk
(33:59 / Allies) lathanger: no
(34:00 / All) Franks_Red_Hot: "his" expo lawl
(34:00 / All) bLiNkoFaNeYe: but he's a faggot who refused to help me because I didn't hit with him
(34:02 / Allies) lathanger: you didnt take shit
(34:02 / All) bLiNkoFaNeYe: selfish dumbass
(34:04 / All) Franks_Red_Hot: looked empty to me
(34:05 / Allies) lathanger: you destroyed it
(34:10 / All) bLiNkoFaNeYe: I help my allies he rages because I didn't do what he wanted
(34:20 / Allies) lathanger: dude you didnt help pink
(34:27 / Allies) lathanger: im defending my own expo
(34:27 / All) bLiNkoFaNeYe: I was defending my expo
(34:28 / Allies) lathanger: your wrds
(34:33 / Allies) lathanger: i know you where
(34:34 / All) bLiNkoFaNeYe: at the same time he was defending his
(34:39 / Allies) lathanger: with what
(34:40 / All) bLiNkoFaNeYe: Can't be 2 places on the map
(34:42 / Allies) lathanger: spirits
(34:45 / All) bLiNkoFaNeYe: You on the other hand are just a selfish asshole
(34:48 / Allies) lathanger: then you werent defending it
(34:52 / All) Franks_Red_Hot: kill my am
(34:57 / Allies) lathanger: im the one that tps to his expo
(35:01 / All) Franks_Red_Hot: move other two heros
(35:03 / Allies) lathanger: yet you know
(35:05 / Allies) lathanger: i dont help alies
(35:16 / All) bLiNkoFaNeYe: Yeah you didn't help me because I didn't attack with you
(35:18 / All) bLiNkoFaNeYe: and was creeping
(35:21 / All) bLiNkoFaNeYe: big fucking deal I creep
(35:27 / Allies) lathanger: what fucking logic is that
(35:31 / Allies) lathanger: "I" didnt help you
(35:34 / Allies) lathanger: by creeping with you
(35:36 / All) bLiNkoFaNeYe: I don't know what logic that is, it's yours
(35:39 / All) bLiNkoFaNeYe: What
(35:39 / All) bLiNkoFaNeYe: no
(35:42 / All) bLiNkoFaNeYe: that's not what I said
(35:46 / All) bLiNkoFaNeYe: You didn't help my fucking base or expo
(35:50 / All) bLiNkoFaNeYe: and laughed at me asking for help
(35:55 / All) bLiNkoFaNeYe: because I had been creeping earlier
(36:03 / All) bLiNkoFaNeYe: Just leave and get this game overwith faggot
(36:03 / Allies) lathanger: i mean im on your team
(36:08 / Allies) lathanger: you can stop hitting shift
(36:09 / Allies) lathanger: lmfao
(36:21 / All) bLiNkoFaNeYe: Talk in all so he can see it
(36:23 / All) bLiNkoFaNeYe: or he can after this game
(36:25 / All) bLiNkoFaNeYe: makes no difference
(37:28 / All) Franks_Red_Hot: GOT HEEM
(37:31 / All) Franks_Red_Hot: GOT HEEM
(37:35 / All) bLiNkoFaNeYe: Red lose IMO
(37:36 / All) Franks_Red_Hot: HAHA
(37:37 / All) Franks_Red_Hot: HA
(37:39 / All) Franks_Red_Hot: GOT HEEM
(37:41 / All) Franks_Red_Hot: had a shade
(37:42 / All) Franks_Red_Hot: lawl
(37:43 / All) Franks_Red_Hot: yeah
(37:44 / All) bLiNkoFaNeYe: He was fast to react when I attacked his heroes
(37:47 / All) bLiNkoFaNeYe: but not when you did lol